 Dungeon Crawl Stone Soup version 0.27-a0-148-g9515ab555c (webtiles) character file.

Game seed: 15018385167928620329

1687 ianthina the Carver (level 9, -1/54 HPs)
             Began as a Tengu Berserker on Jan 27, 2021.
             Was a Priest of Trog.
             Slain by Joseph
             ... wielding a +0 quarterstaff
              (18 damage)
             ... on level 7 of the Dungeon.
             The game lasted 00:35:00 (5059 turns).

ianthina the Carver (Tengu Berserker)               Turns: 5059, Time: 00:35:00

Health: -1/54      AC:  7    Str: 26    XL:     9   Next: 2%
Magic:  10/10      EV: 13    Int:  8    God:    Trog [***...]
Gold:   334        SH:  0    Dex: 14    Spells: 8/8 levels left

rFire    . . .     SeeInvis .   x - +1 falchion "Jellyslayer" {drain, rC++ Will+}
rCold    + + .     Faith    .   (no shield)
rNeg     . . .     Spirit   .   t - +0 ring mail
rPois    .         Reflect  .   (helmet restricted)
rElec    .         Harm     .   (no cloak)
rCorr    .         Rampage  .   A - +0 pair of gloves (curse)
Will     +....                  (boots unavailable)
Stlth    ++........             (no amulet)
HPRegen  0.18/turn              e - +6 ring of strength
MPRegen  0.12/turn              (no ring)

@: no status effects
A: beak, talons 3, able to fly
a: Fly, Renounce Religion, Berserk, Trog's Hand


You were on level 7 of the Dungeon.
You worshipped Trog.
Trog was most pleased with you.
You visited 1 branch of the dungeon, and saw 7 of its levels.

You collected 334 gold pieces.

Inventory:

Hand Weapons
 a - a +0 falchion
 h - a +0 dagger of venom
 x - the +1 falchion "Jellyslayer" (weapon) {drain, rC++ Will+}
   (You found it on level 5 of the Dungeon)

   A truly terrible weapon, it drains the life of those it strikes.
   It greatly protects you from cold.
   It affects your willpower, your defense against some magical effects.
Armour
 b - a +0 animal skin
 o - a +0 leather armour
 q - a +0 helmet
 t - a +0 ring mail (worn)
 A - a cursed +0 pair of gloves (worn)
Jewellery
 e - a +6 ring of strength (left hand)
 k - an uncursed ring of magical power {unknown}
Wands
 s - a wand of iceblast (13)
Scrolls
 d - 3 scrolls of remove curse {unknown}
 f - a scroll of enchant weapon {unknown}
 i - 2 scrolls of immolation {unknown}
 l - a scroll of teleportation {unknown}
 m - 2 scrolls of fear {unknown}
 p - 2 scrolls of magic mapping {unknown}
 u - 2 scrolls of fog {unknown}
 w - a scroll of random uselessness {unknown}
 y - 4 scrolls of identify {unknown}
 B - a scroll of blinking {unknown}
 D - a scroll of noise {unknown}
 E - a scroll of acquirement {unknown}
Potions
 c - 3 potions of haste {unknown}
 g - a potion of attraction {unknown}
 j - a potion of resistance {unknown}
 n - a potion of magic {unknown}
 r - 2 potions of lignification {unknown}
 v - a potion of might {unknown}
 z - a potion of berserk rage {unknown}
 C - a potion of mutation {unknown}


   Skills:
 + Level 5.2 Fighting
 + Level 8.7 Long Blades
 + Level 5.6 Armour
 + Level 4.2 Dodging
 + Level 4.3 Stealth


You had 8 spell levels left.
You didn't know any spells.
Your spell library contained the following spells:

 Spells                   Type           Power        Failure   Level
 Animate Skeleton         Necr           0%           54%         1
 Apportation              Tloc           0%           54%         1
 Corona                   Hex            0%           54%         1
 Summon Small Mammal      Summ           0%           54%         1
 Slow                     Hex            0%           67%         2
 Inner Flame              Hex/Fire       0%           88%         3
 Portal Projectile        Hex/Tloc       0%           88%         3
 Cause Fear               Hex            0%           99%         4
 Leda's Liquefaction      Hex/Erth       0%           99%         4


Dungeon Overview and Level Annotations

Branches:
Dungeon (7/15)
 Temple: D:4-7

Altars:
Ashenzari
Sif Muna
Trog
Xom
Zin
The Shining One

Shops:
D:5 :

Annotations:
D:7 Joseph


Innate Abilities, Weirdness & Mutations

You have a beak for a mouth.
You have claws for feet.
You can fly continuously.


Message History

Found 17 gold pieces.
Found 15 arrows.
Found a hat and a glowing whip.
Found 2 scrolls labelled DUBAET UPHIDD.
You now have 334 gold pieces (gained 17).
There are no items here.
There is a stone staircase leading up here.
There is a stone staircase leading up here.
You see here a thin jewelled staff.
Joseph, a Mercenary comes into view.
He is wielding a +0 quarterstaff.
Joseph unwields a +0 quarterstaff.
Joseph wields a +0 hunting sling.
Joseph shoots a sling bullet.
The sling bullet hits you.
Joseph shoots a sling bullet.
The sling bullet hits you!
Joseph shoots a sling bullet.
The sling bullet hits you!
Joseph shoots a sling bullet.
The sling bullet hits you!
Joseph shoots a sling bullet.
The sling bullet barely misses you.
Joseph tries to grin evilly.
Joseph unwields a +0 hunting sling.
Joseph wields a +0 quarterstaff.
Joseph hits you with a +0 quarterstaff!!
You die...

........##.##
##
............#
..####.#.##.##
. #.#.#### #
..#.# #( ###.#
###.. #.#
......######.#
#.@@.....#
##########


You could see Joseph.

Vanquished Creatures
  An orc warrior (D:6)
  Duvessa (D:7)
  A sky beast (D:7)
  4 ogres
  A phantom (D:7)
  2 centaurs (D:7)
  3 bullfrogs (D:6)
  2 scorpions
  Dowan (D:7)
  A bullfrog zombie (D:5)
  A howler monkey (D:6)
  2 centaur zombies
  A hound (D:3)
  3 orc priests
  A jelly (D:5)
  A bullfrog skeleton (D:6)
  A worker ant (D:7)
  A hound skeleton (D:4)
  3 gnolls (D:7)
  3 adders
  A shadow imp (D:6)
  2 white imps
  An ufetubus (D:6)
  2 oozes
  2 worms
  2 dart slugs (D:2)
  3 leopard geckos
  19 orcs
  3 giant cockroaches
  8 goblins
  4 hobgoblins
  2 jackals (D:2)
  A quokka (D:3)
  A ball python (D:1)
  4 bats
  2 frilled lizards
  10 kobolds
  5 rats
106 creatures vanquished.

Vanquished Creatures (others)
  A black bear (D:6)
  A bullfrog (D:6)
  A scorpion (D:6)
  An adder (D:6)
  A shadow imp (D:6)
  An adder zombie (D:6)
  An orc (D:6)
7 creatures vanquished.

Grand Total: 113 creatures vanquished

Notes
Turn   | Place    | Note
-------+----------+-------------------------------------------
     0 | D:1      | ianthina the Tengu Berserker began the quest for the Orb.
     0 | D:1      | Reached XP level 1. HP: 14/14 MP: 2/2
   127 | D:1      | Reached XP level 2. HP: 8/19 MP: 3/3
   639 | D:2      | Reached XP level 3. HP: 23/23 MP: 4/4
   754 | D:2      | Reached skill level 4 in Long Blades
   998 | D:2      | Reached ** piety under Trog
  1252 | D:2      | Found a shimmering blue altar of Sif Muna.
  1357 | D:3      | Reached skill level 1 in Stealth
  1357 | D:3      | Reached XP level 4. HP: 24/28 MP: 5/5
  1722 | D:3      | Found a glowing silver altar of Zin.
  1774 | D:3      | Gained mutation: You can fly continuously. [Tengu growth]
  1774 | D:3      | Reached XP level 5. HP: 33/33 MP: 6/6
  1868 | D:3      | Reached skill level 5 in Long Blades
  2020 | D:4      | Noticed an ogre
  2029 | D:4      | Killed an ogre
  2030 | D:4      | Reached XP level 6. HP: 26/38 MP: 7/7
  2323 | D:4      | Found a bloodstained altar of Trog.
  2714 | D:5      | Entered Level 5 of the Dungeon
  2815 | D:5      | Reached skill level 6 in Long Blades
  2825 | D:5      | Got a steaming falchion
  2828 | D:5      | Identified the +1 falchion "Jellyslayer" {drain, rC++
                  | Will+} (You found it on level 5 of the Dungeon)
  2830 | D:5      | Identified the +7 hand axe of Distraction {freeze, rPois
                  | Int+3 Stlth+}
  2842 | D:5      | Found Zumid's Book Shop.
  3173 | D:5      | Found a glowing golden altar of the Shining One.
  3407 | D:6      | Reached XP level 7. HP: 43/43 MP: 8/8
  3539 | D:6      | Found a shimmering altar of Xom.
  3654 | D:6      | Reached *** piety under Trog
  3658 | D:6      | Reached skill level 7 in Long Blades
  3665 | D:6      | Reached XP level 8. HP: 7/48 MP: 9/9
  4009 | D:6      | Found a broken altar of Ashenzari.
  4464 | D:7      | Reached skill level 5 in Armour
  4559 | D:7      | Noticed Duvessa
  4559 | D:7      | Noticed Dowan
  4565 | D:7      | Killed Dowan
  4572 | D:7      | Killed Duvessa
  4573 | D:7      | Reached skill level 8 in Long Blades
  4604 | D:7      | Reached skill level 5 in Fighting
  4955 | D:7      | Reached XP level 9. HP: 38/54 MP: 10/10
  5053 | D:7      | Noticed Joseph
  5059 | D:7      | Slain by Joseph

Illustrated notes

Levels and vault maps discovered:
D:1:      sevenhm_arrival_forest_fort_small_6, layout_basic
D:2:      layout_rooms, general_overflow_altar, minmay_overflow_temple_hex,
          uniq_robin
D:3:      layout_loops_ring, nzn_wu_jian_contemplation, old_standard_altar,
          minmay_close_crescents, uniq_jessica
D:4:      minmay_polygon_palace, layout_loops_ring,
          chequers_serial_rivers_micro_c, st_stairs_13,
          trog_three_pillars_becter
D:5:      layout_layer_cave, serial_shops, shop, nicolae_tso_swordbearing_angel
D:6:      layout_basic, evilmike_ruin_ashenzari, elyvilon_altar_1,
          xom_confusion_cloud, minmay_temple_entry_statues_fountains
D:7:      minmay_blocky_corners, layout_loops_ring, grunt_decor_clamped,
          uniq_joseph, uniq_duvessa

Skill      XL: |  1  2  3  4  5  6  7  8 |
---------------+-------------------------+-----
Long Blades    | 4 5 6 7 8 |  8.7
Stealth        | 1 2 3 4 |  4.3
Dodging        | 3 4 |  4.2
Fighting       | 4 5 |  5.2
Armour         | 3 4 5 |  5.6

Action                   |  1- 3 |  4- 6 |  7- 9 || total
-------------------------+-------+-------+-------++-------
Melee: Falchion          |    59 |    77 |    96 ||   232
       Kick              |    24 |    31 |    52 ||   107
       Peck              |     9 |    23 |    31 ||    63
Invok: Berserk           |     1 |     1 |     1 ||     3
 Abil: Fly               |       |       |     1 ||     1
       Stop Flying       |       |       |     1 ||     1
 Stab: Sleeping          |     1 |     2 |       ||     3
       Distracted        |       |     1 |     1 ||     2
Armor: Animal skin       |     5 |     6 |       ||    11
       Leather armour    |       |     3 |       ||     3
       Ring mail         |       |     4 |    30 ||    34
Dodge: Dodged            |    29 |    45 |    77 ||   151
       Rpst.: Falchion   |    11 |    14 |    20 ||    45

Table legend: (Time is in decaauts)
 A = Elapsed time spent in this place.
 B = Non-inter-level travel time spent in this place.
 C = Inter-level travel time spent in this place.
 D = Time resting spent in this place.
 E = Time spent auto-exploring this place.
 F = Levels seen in this place.
 G = Mean time per level.
                   A        B        C        D        E       F      G
               +--------+--------+--------+--------+--------+-----+--------+
         Total |   5088 |   5084 |      4 |   1651 |      0 |   7 |  726.9 |
       Dungeon |   5088 |   5084 |      4 |   1651 |      0 |   7 |  726.9 |
               +--------+--------+--------+--------+--------+-----+--------+

Top non-repeatable levels by time:
     D:7: 940 daAuts
     D:2: 733 daAuts
     D:6: 731 daAuts
     D:3: 715 daAuts
     D:4: 713 daAuts
     D:5: 672 daAuts
     D:1: 581 daAuts
